 Dungeon Crawl Stone Soup version 0.30-a0-125-g51eefa89be (webtiles) character file.

Game seed: 9141677179529979606

798 funkygono the Firebug (level 7, 0/48 HPs)
             Began as a Demonspawn Fire Elementalist on Sept 18, 2022.
             Slain by Protee's ghost (1 damage)
             ... on level 5 of the Dungeon.
             The game lasted 00:10:20 (5468 turns).

funkygono the Firebug (DsFE)                        Turns: 5468, Time: 00:10:21

Health: 0/48       AC: 12    Str:  6    XL:     7   Next: 58%
Magic:  10/13      EV: 12    Int: 19    God:
Gold:   272        SH:  0    Dex: 13    Spells: 5/15 levels left

rFire   + . .      SeeInvis +    e - +0 falchion
rCold   + + .      Faith    +    (no shield)
rNeg    . . .      Spirit   .    v - +2 ring mail {rC+}
rPois   .          Reflect  .    (no helmet)
rElec   +          Harm     .    m - scarf {rC+ rF+}
rCorr   +          Rampage  .    f - +0 pair of gloves
Will    .....                    (no boots)
Stlth   +.........               g - amulet of faith
HPRegen 0.16/turn                j - +4 ring of protection
MPRegen 0.13/turn                k - ring of Faobb {rElec rCorr Str-2 Slay+2 SInv}

@: mighty
A: hooves 1, repulsion field 1, powered by pain 2
a: no special abilities


You were on level 5 of the Dungeon.
You visited 2 branches of the dungeon, and saw 6 of its levels.

You collected 272 gold pieces.

Inventory:

Hand Weapons
 d - a +0 dagger
 e - a +0 falchion (weapon)
 s - the +8 sling of the Dark Horse {vorpal, rPois Will- Dex+7 Stlth+}
   (You found it on level 3 of the Dungeon)

   Any ammunition fired from it inflicts extra damage upon your enemies.
   Dex:       It affects your dexterity (+7).
   rPois:     It protects you from poison.
   Will:      It decreases your willpower.
   Stlth:     It makes you more stealthy.
Armour
 a - a +0 robe
 f - a +0 pair of gloves (worn)
 i - a +0 kite shield
 m - a scarf of resistance (worn)
 v - a +2 ring mail of cold resistance (worn)
Jewellery
 c - a ring of flight
 g - an amulet of faith (around neck)
 j - a +4 ring of protection (left hand)
 k - the ring of Faobb (right hand) {rElec rCorr Str-2 Slay+2 SInv}
   (You found it on level 5 of the Dungeon)

   [ring of see invisible]

   Str:       It affects your strength (-2).
   Slay:      It affects your accuracy & damage with ranged weapons and melee
   (+2).
   rElec:     It insulates you from electricity.
   SInv:      It lets you see invisible.
   rCorr:     It protects you from acid and corrosion.
 o - a ring of fire
 r - a +6 ring of strength
Wands
 b - a wand of charming (12)
 x - a wand of mindburst (9)
Potions
 h - a potion of attraction
 l - 2 potions of resistance {unknown}
 n - 3 potions of might
 q - a potion of ambrosia {unknown}
 t - a potion of flight {unknown}
 u - a potion of invisibility {unknown}


   Skills:
 + Level 1.4 Fighting
 + Level 1.2 Long Blades
 + Level 2.1 Armour
 + Level 2.5 Dodging
 - Level 1.7 Stealth
 + Level 4.6 Spellcasting
 + Level 3.1 Conjurations
 + Level 5.1 Fire Magic


You had 5 spell levels left.
You knew the following spells:

 Your Spells              Type           Power      Damage    Failure   Level
a - Foxfire               Conj/Fire      80%        2x1d8     9%          1
b - Scorch                Fire           46%        2d7       9%          2
c - Kindle Blastsparks    Fire/Tloc/Air  20%        2d11      58%         3
d - Flame Wave            Conj/Fire      20%        2d7       65%         4

Your spell library contained the following spells:

 Spells                   Type           Power      Damage    Failure   Level
 Inner Flame              Hex/Fire       14%        N/A       45%         3
 Call Canine Familiar     Summ           4%         N/A       83%         3
 Gell's Gravitas          Tloc           4%         N/A       83%         3
 Lesser Beckoning         Tloc           4%         N/A       83%         3
 Ozocubu's Armour         Ice            4%         N/A       83%         3
 Portal Projectile        Hex/Tloc       8%         N/A       83%         3
 Teleport Other           Tloc           4%         N/A       83%         3
 Leda's Liquefaction      Hex/Erth       2%         N/A       99%         4
 Ozocubu's Refrigeration  Ice            2%         4d7       100%        7


Dungeon Overview and Level Annotations

Branches:
Dungeon (5/15)             Temple (1/1) D:5

Altars:
Ashenzari
Dithmenos
Fedhas
Gozag
Hepliaklqana
Makhleb
Nemelex Xobeh
Okawaru
Ru
Sif Muna
Trog
Uskayaw
Wu Jian
Yredelemnul

Shops:
D:1 [

Annotations:
D:5 Protee's ghost, novice DsNe


Innate Abilities, Weirdness & Mutations

You have large cloven feet.
You are surrounded by a mild repulsion field. (EV +2)
You sometimes gain power by taking damage.


Message History

Protee's ghost is lightly damaged.
The foxfire hits Protee's ghost but does no damage.
Protee's ghost is lightly damaged.
Protee's ghost gestures at you while chanting.
Your body is wracked with pain!
You focus on the pain.
You feel very mighty all of a sudden.
Casting: Scorch (safe; 9% risk of failure)
Confirm with . or Enter, or press ? or * to list all spells.
You conjure some foxfire!
Protee's ghost closely misses you.
Casting: Foxfire (safe; 9% risk of failure)
Confirm with . or Enter, or press ? or * to list all spells.
Flames lash Protee's ghost.
Protee's ghost is burned terribly!
Protee's ghost is moderately damaged.
The foxfire hits Protee's ghost but does no damage.
Protee's ghost is moderately damaged.
The foxfire hits Protee's ghost.
Protee's ghost is burned terribly!
Protee's ghost is heavily damaged.
Protee's ghost hits you but does no damage.
Casting: Scorch (safe; 9% risk of failure)
Confirm with . or Enter, or press ? or * to list all spells.
You conjure some foxfire!
Protee's ghost points at you and mumbles some strange words.
Your body is wracked with pain!
* * * LOW HITPOINT WARNING * * *
You focus on the pain.
You feel your power returning.
Casting: Foxfire (safe; 9% risk of failure)
Confirm with . or Enter, or press ? or * to list all spells.
Flames lash Protee's ghost.
Protee's ghost is burned terribly!
Protee's ghost is heavily damaged.
The foxfire hits Protee's ghost.
Protee's ghost is heavily damaged.
The foxfire hits Protee's ghost.
Protee's ghost is heavily damaged.
Protee's ghost hits you.
* * * LOW HITPOINT WARNING * * *
x2
Casting: Scorch (safe; 9% risk of failure)
Confirm with . or Enter, or press ? or * to list all spells.
You conjure some foxfire!
Protee's ghost hits you!
* * * LOW HITPOINT WARNING * * *
You die...

####### ########## ##
#....)# ##v.#.....# .###
#...>.# #.v@W~~~~[#
...###.....# #...#.....#
##..##.....# #...########
...........###..........#
#####.............[.<...#
#......###..........#
#......# #..........#
##.########..........#
##.....#...^..........#


You could see Protee's ghost (combustible, ally target).

Vanquished Creatures
  Edmund (D:4)
  An orc warrior (D:5)
  2 bullfrogs (D:4)
  Blork the orc (D:5)
  2 scorpions (D:5)
  An orc priest (D:5)
  A jelly (D:5)
  An iguana (D:4)
  Ijyb (D:3)
  An orc wizard (D:5)
  2 adders
  A white imp (D:5)
  4 ufetubi
  3 worms
  6 dart slugs
  8 orcs
  7 bats
  9 endoplasms
  A giant cockroach (D:4)
  10 hobgoblins
  2 quokkas
  10 ball pythons
  6 goblins
  7 kobolds
  4 rats
92 creatures vanquished.

Vanquished Creatures (collateral kills)
  4 foxfires (D:1)
4 creatures vanquished.

Vanquished Creatures (others)
  285 foxfires
  13 plants (D:1)
298 creatures vanquished.

Grand Total: 394 creatures vanquished

Notes
Turn   | Place    | Note
-------+----------+-------------------------------------------
     0 | D:1      | funkygono the Demonspawn Fire Elementalist began the quest
                  | for the Orb.
     0 | D:1      | Reached XP level 1. HP: 13/13 MP: 3/3
   268 | D:1      | Reached skill level 3 in Fire Magic
   268 | D:1      | Gained mutation: You have large cloven feet. [demonic
                  | ancestry]
   268 | D:1      | Reached XP level 2. HP: 19/19 MP: 1/5
   271 | D:1      | Learned a level 2 spell: Scorch
   729 | D:1      | Found Muequxuel's Armour Shoppe.
   917 | D:1      | Reached XP level 3. HP: 19/24 MP: 6/6
  1608 | D:2      | Found a sparkling altar of Nemelex Xobeh.
  2121 | D:3      | Identified the +8 sling of the Dark Horse {vorpal, rPois
                  | Will- Dex+7 Stlth+}
  2470 | D:3      | Gained mutation: You are surrounded by a mild repulsion
                  | field. (EV +2) [demonic ancestry]
  2470 | D:3      | Reached XP level 4. HP: 31/31 MP: 5/7
  2550 | D:3      | Noticed Ijyb
  2558 | D:3      | Killed Ijyb
  2645 | D:3      | Found a sparkling altar of Nemelex Xobeh.
  2645 | D:3      | Found a faded altar of an unknown god.
  2650 | D:3      | Found a sacrificial altar of Ru.
  2652 | D:3      | Found a blossoming altar of Fedhas.
  2791 | D:4      | Reached skill level 4 in Fire Magic
  2924 | D:4      | Found an opulent altar of Gozag.
  2929 | D:4      | Learned a level 3 spell: Kindle Blastsparks
  3032 | D:4      | Gained mutation: You sometimes gain a little power by
                  | taking damage. [demonic ancestry]
  3032 | D:4      | Reached XP level 5. HP: 29/36 MP: 3/9
  3047 | D:4      | Noticed Edmund
  3125 | D:4      | HP: 1/36 [Edmund/+2 vorpal flail (2)]
  3127 | D:4      | Killed Edmund
  3454 | D:4      | Reached XP level 6. HP: 34/42 MP: 5/11
  3688 | D:4      | Reached skill level 1 in Armour
  4117 | D:4      | Learned a level 4 spell: Flame Wave
  4151 | D:5      | Entered Level 5 of the Dungeon
  4155 | D:5      | Found a runed translucent door.
  4160 | D:5      | Found a staircase to the Ecumenical Temple.
  4174 | Temple   | Entered the Ecumenical Temple
  4409 | D:5      | Noticed Blork the orc
  4430 | D:5      | Reached skill level 1 in Fighting
  4444 | D:5      | Killed Blork the orc
  4445 | D:5      | Gained mutation: You sometimes gain power by taking damage.
                  | [demonic ancestry]
  4445 | D:5      | Reached XP level 7. HP: 46/48 MP: 1/13
  4661 | D:5      | Identified the ring of Faobb {rElec rCorr Str-2 Slay+2
                  | SInv}
  4715 | D:5      | Reached skill level 1 in Long Blades
  5143 | D:5      | Reached skill level 5 in Fire Magic
  5458 | D:5      | Noticed Protee's ghost (novice DsNe)
  5468 | D:5      | HP: 1/48 [Protee's ghost (7)]
  5468 | D:5      | Slain by Protee's ghost

Illustrated notes

Levels and vault maps discovered:
D:1:      roderic_crop_circles_arrival_small, layout_loops_corners,
          serial_shops, nicolae_shop_stone, minmay_misc_feat_rows
D:2:      layout_loops_ring, basic_altar
D:3:      layout_rooms, chequers_temple_overflow_minitemple, uniq_ijyb
D:4:      nicolae_cairo_tiling, layout_basic,
          nicolae_gozag_cash_rules_everything_around_me, uniq_edmund
D:5:      layout_rooms, minmay_temple_entry_offerings,
          ebering_ghost_reflecting_pool, guppyfry_early_orc_mine,
          uniq_blork_the_orc
Temple:   nicolae_temple_bog_church

Skill      XL: |  1  2  3  4  5  6  7 |
---------------+----------------------+-----
Fire Magic     | 3 4 5 |  5.1
Dodging        | 2 |  2.5
Conjurations   | 2 3 |  3.1
Spellcasting   | 3 4 |  4.6
Armour         | 1 2 |  2.1
Fighting       | 1 |  1.4
Long Blades    | 1 |  1.2
Stealth        | |  1.7

Action                   |  1- 3 |  4- 6 |  7- 9 || total
-------------------------+-------+-------+-------++-------
Melee: Dagger            |    11 |       |       ||    11
       Falchion          |    20 |    31 |    10 ||    61
       Kick              |     4 |     7 |     5 ||    16
 Cast: Foxfire           |    70 |    60 |    39 ||   169
       Scorch            |     2 |    16 |    11 ||    29
  Use: Scroll            |     5 |     3 |       ||     8
       Potion            |       |     4 |     1 ||     5
Armor: Robe              |    11 |     1 |       ||    12
       Ring mail         |       |    17 |    13 ||    30
Dodge: Dodged            |    19 |    32 |    22 ||    73

Table legend: (Time is in decaauts)
 A = Elapsed time spent in this place.
 B = Non-inter-level travel time spent in this place.
 C = Inter-level travel time spent in this place.
 D = Time resting spent in this place.
 E = Time spent auto-exploring this place.
 F = Levels seen in this place.
 G = Mean time per level.
                   A        B        C        D        E       F      G
               +--------+--------+--------+--------+--------+-----+--------+
         Total |   5463 |   5347 |    116 |    760 |   3681 |   6 |  910.5 |
       Dungeon |   5270 |   5161 |    109 |    760 |   3505 |   5 | 1054.0 |
        Temple |    192 |    185 |      7 |      0 |    176 |   1 |  192.0 |
               +--------+--------+--------+--------+--------+-----+--------+

Top non-repeatable levels by time:
     D:4: 1551 daAuts
     D:1: 1298 daAuts
     D:5: 988 daAuts
     D:3: 742 daAuts
     D:2: 690 daAuts
  Temple: 192 daAuts
